 Dungeon Crawl Stone Soup version 0.16-b1 (webtiles) character file.

63 grisnicke the Conjurer (level 3, 0/26 HPs)
             Began as a Draconian Conjurer on Mar 7, 2015.
             Was an Initiate of Nemelex Xobeh.
             Succumbed to an adder's poison
             ... on level 2 of the Dungeon.
             The game lasted 00:09:14 (1857 turns).

grisnicke the Conjurer (Draconian Conjurer)         Turns: 1857, Time: 00:09:15

Health: 0/26       AC:  5    Str: 10    XL:     3   Next: 89%
Magic:  3/6        EV: 12    Int: 16    God:    Nemelex Xobeh [......]
Gold:   100        SH:  0    Dex: 11    Spells: 3 memorised, 0 levels left

rFire  . . .     SeeInvis .     j - +0 whip (curse)
rCold  . . .     Clarity  .     (armour unavailable)
rNeg   . . .     SustAb   .     (no shield)
rPois  .         Gourm    .     (helmet restricted)
rElec  .         Spirit   .     (no cloak)
rCorr  .         Warding  .     (no gloves)
rMut   .         Stasis   .     (no boots)
MR     .....                    (no amulet)
Stlth  ++........               (no ring)
                                (no ring)

@: lethally poisoned (0 -> -10), not resistant to hostile enchantments,
unstealthy
A: unfitting armour, cold-blooded, AC +5
a: Renounce Religion


You were on level 2 of the Dungeon.
You worshipped Nemelex Xobeh.
Nemelex Xobeh was noncommittal.
You were hungry.

You visited 1 branch of the dungeon, and saw 2 of its levels.

You collected 100 gold pieces.


Innate Abilities, Weirdness & Mutations

Your plain brown scales are hard (AC +5).
Your body does not fit into most forms of armour.
Your cold-blooded metabolism reacts poorly to cold.


   Skills:
 - Level 1.8 Dodging
 - Level 1.8 Stealth
 - Level 2.0 Spellcasting
 - Level 5.2 Conjurations
 + Level 1.0 Hexes


You couldn't memorise any spells.
You knew the following spells:

 Your Spells              Type           Power        Failure   Level  Hunger
c - Dazzling Spray        Conj/Hex       ##......     17%         3    ###....
x - Searing Ray           Conj           ###...       4%          2    ###....
z - Magic Dart            Conj           ###.         2%          1    #......

Inventory:

Hand weapons
 j - a cursed +0 whip (weapon)
Missiles
 a - 5 stones
 d - 8 javelins (quivered)
Scrolls
 e - a scroll of amnesia {unknown}
 f - 2 scrolls of identify {unknown}
 g - a scroll of recharging {unknown}
 o - a scroll of noise {unknown}
 q - a scroll of enchant weapon {unknown}
Potions
 i - a potion of brilliance {unknown}
 k - a potion of invisibility {unknown}
 m - a potion of cancellation
 p - a potion of curing {unknown}
Books
 c - a book of Conjurations
Miscellaneous
 l - a plain deck of war {drawn: 3}
Comestibles
 b - 2 bread rations
 h - 6 chunks of flesh
 n - a royal jelly

Dungeon Overview and Level Annotations

Branches:
Dungeon (2/15)

Altars:
Nemelex Xobeh
Xom

Annotations:
D:2 Terence

##..# #.#..# ##÷# ###
#..#####....###..###
#.......÷..........#
##..#.........##(##.#
....#..........†....#
###.#.........##....#
# #...........#####.#
# ##..........#####.#
# #.###.###...†d...#
####.# #.# #.######.#
...#.# #.# #.# #.#
^^.#.# .# #.# #.#
_^...# #.# ..# ^^...#
#.# ### ...#... ..
#.#### . #.#


There were no monsters in sight!


Message History

The adder is almost dead.
* * * LOW HITPOINT WARNING * * *
You feel sick. The adder bites you but does no damage.
You miss the adder.
The adder is almost dead.
* * * LOW HITPOINT WARNING * * *
You feel sick. The adder barely misses you. The adder closely misses you.
You barely miss the adder.
The adder is almost dead.
* * * LOW HITPOINT WARNING * * *
You feel sick. The adder bites you.
* * * LOW HITPOINT WARNING * * *
You closely miss the adder.
The adder is almost dead.
The adder bites you.
* * * LOW HITPOINT WARNING * * *
You are more poisoned.
The adder poisons you! The adder bites you.
* * * LOW HITPOINT WARNING * * *
You hit the adder.
You kill the adder!
Your Hexes skill increases to level 1!
* * * LOW HITPOINT WARNING * * *
You feel sick.
Drink which item? (? for menu, Esc to quit)
It was a potion of cancellation.
Your magical contamination has completely faded away.
You feel magically purged.
You die...
Your body disappears without a glow.

Action                   || total
-------------------------++-------
Melee: Unarmed           ||     4
       Whip              ||    49
Throw: Javelin           ||     4
 Cast: Magic Dart        ||    40
       Searing Ray       ||     2
Evoke: Deck              ||     3
  Use: Potion            ||     1
  Eat: Chunk             ||     4

Vault maps used:
D:1:      mrwooster_arrival_statue_2
D:2:      overflow_temple_1_default, lemuel_zombie_altar_yredelemnul,
          xom_teletrap_fun, fiery_altar_vehumet, uniq_terence

Notes
Turn   | Place    | Note
--------------------------------------------------------------
     0 | D:1      | grisnicke, the Draconian Conjurer, began the quest for the Orb.
     0 | D:1      | Reached XP level 1. HP: 14/14 MP: 3/3
   782 | D:1      | Reached XP level 2. HP: 20/20 MP: 1/4
   883 | D:2      | Learned a level 2 spell: Searing Ray
  1184 | D:2      | Found a shimmering altar of Xom.
  1195 | D:2      | Found a sparkling altar of Nemelex Xobeh.
  1208 | D:2      | Became a worshipper of Nemelex Xobeh the Trickster
  1210 | D:2      | Received a gift from Nemelex Xobeh
  1322 | D:2      | Reached XP level 3. HP: 19/26 MP: 6/6
  1419 | D:2      | Noticed Terence
  1452 | D:2      | Reached skill level 5 in Conjurations
  1767 | D:2      | Learned a level 3 spell: Dazzling Spray
  1855 | D:2      | HP: 2/26 [adder (2)]
  1856 | D:2      | Reached skill level 1 in Hexes
  1857 | D:2      | Succumbed to an adder's poison

Vanquished Creatures
  3 adders (D:2)
  A worm (D:2)
  An ooze (D:1)
  A ball python (D:2)
  3 giant cockroaches
  6 goblins
  A quokka (D:2)
  5 giant newts
  2 jackals (D:2)
  3 kobolds
  2 rats (D:1)
28 creatures vanquished.

Vanquished Creatures (collateral kills)
  A worm (D:2)
  A hobgoblin (D:2)
2 creatures vanquished.

Grand Total: 30 creatures vanquished
